 Dungeon Crawl Stone Soup version 0.25-a0-513-ge77a69270c (webtiles) character file.

Game seed: 1282279918927512600, levelgen mode: deterministic

203 Emblim88 the Nimble (level 5, -1/40 HPs)
             Began as a Spriggan Berserker on Feb 16, 2020.
             Was a Believer of Trog.
             Killed from afar by Sigmund (7 damage)
             ... with a magic dart
             ... on level 4 of the Dungeon.
             The game lasted 00:04:19 (2899 turns).

Emblim88 the Nimble (Spriggan Berserker)            Turns: 2899, Time: 00:04:19

Health: -1/40      AC:  2    Str: 18    XL:     5   Next: 51%
Magic:  6/6        EV: 25    Int:  8    God:    Trog [**....]
Gold:   122        SH:  0    Dex: 17    Spells: 4/4 levels left

rFire    x . .     SeeInvis +   a - +0 falchion
rCold    + + .     Gourm    .   (shield restricted)
rNeg     . . .     Faith    .   b - +0 animal skin
rPois    .         Spirit   .   (helmet restricted)
rElec    .         Reflect  .   (no cloak)
rCorr    .         Harm     .   (gloves unavailable)
MR       ++...                  (boots unavailable)
Stlth    ..........             (no amulet)
HPRegen  1.13/turn              m - ring of ice
MPRegen  0.10/turn              p - ring of protection from cold

@: berserking (expiring), regenerating (expiring), very quick
A: very small, unfitting armour, see invisible, herbivore, speed 3, slow
metabolism 2
a: Berserk, Trog's Hand, Renounce Religion


You were on level 4 of the Dungeon.
You worshipped Trog.
Trog was pleased with you.
You were very hungry.

You visited 1 branch of the dungeon, and saw 4 of its levels.

You collected 122 gold pieces.

Inventory:

Hand Weapons
 a - a +0 falchion (weapon)
 d - a +0 hunting sling
Missiles
 e - 37 sling bullets
 f - 33 stones (quivered)
Armour
 b - a +0 animal skin (worn)
Jewellery
 m - a ring of ice (left hand)
 p - a ring of protection from cold (right hand)
Scrolls
 g - 2 scrolls of amnesia {unknown}
 j - 2 scrolls of remove curse {unknown}
 k - a scroll of fear {unknown}
 l - 2 scrolls of immolation {unknown}
 n - a scroll of enchant armour {unknown}
 q - a scroll of magic mapping {unknown}
Potions
 h - a potion of brilliance {unknown}
 i - 2 potions of curing {unknown}
 o - a potion of lignification {unknown}
Comestibles
 c - a ration


   Skills:
 - Level 2.4 Fighting
 - Level 2.4 Long Blades
 + Level 9.1 Dodging


You had 4 spell levels left.
You didn't know any spells.
Your spell library was empty.

Dungeon Overview and Level Annotations

Branches:
Dungeon (4/15)
 Temple: D:4-7

Altars:
Dithmenos
Qazlal
Ru

Annotations:
D:4 Sigmund


Innate Abilities, Weirdness & Mutations

You are very small and have problems with some larger weapons.
You are too small for most types of armour.
You have supernaturally acute eyesight. (SInv)
You are a herbivore.
You cover ground extremely quickly.
You need to consume almost no food.


Message History

The hound stops to sniff the ground.
The hound closely misses you.
You hit the hound.
You kill the hound!
Trog accepts your kill.
Your Dodging skill increases to level 9!
You feel the effects of Trog's Hand fading.
Sigmund barely misses you.
You slash Sigmund!
Sigmund is heavily wounded.
You barely miss Sigmund.
Sigmund is heavily wounded.
Sigmund closely misses you.
You slash Sigmund!
Sigmund is almost dead.
You closely miss Sigmund.
Sigmund is almost dead.
Sigmund points at you and mumbles some strange words.
The magic dart hits you!
You die...

### #.## . #..#
## ... #.<# ....
....####..#.....
.......#........
#.@†..#..$.
#@#........
...##...>...
..... ##.#....
....... .#....
....... .. ...
....... .#. ..
....... ..


You could see Sigmund (invisible).

Vanquished Creatures
  A hound (D:4)
  Natasha (thrice) (D:3)
  Robin (D:3)
  An adder (D:3)
  An ooze (D:1)
  2 worms (D:2)
  2 dart slugs (D:1)
  2 leopard geckos
  2 orcs (D:3)
  3 giant cockroaches (D:1)
  16 goblins
  7 hobgoblins
  2 jackals (D:2)
  5 kobolds
  2 quokkas (D:2)
  6 bats
  3 frilled lizards
  3 rats
62 creatures vanquished.

Notes
Turn   | Place    | Note
-------+----------+-------------------------------------------
     0 | D:1      | Emblim88 the Spriggan Berserker began the quest for the
                  | Orb.
     0 | D:1      | Reached XP level 1. HP: 11/11 MP: 2/2
    89 | D:1      | Reached skill level 5 in Dodging
   284 | D:1      | Reached XP level 2. HP: 16/16 MP: 3/3
   442 | D:1      | Reached skill level 6 in Dodging
   747 | D:1      | Reached XP level 3. HP: 19/19 MP: 4/4
  1167 | D:2      | Reached ** piety under Trog
  1206 | D:2      | Found a stormy altar of Qazlal.
  1476 | D:2      | Found a sacrificial altar of Ru.
  1585 | D:2      | Reached skill level 7 in Dodging
  1660 | D:2      | Found a shadowy altar of Dithmenos.
  2121 | D:3      | Noticed Robin
  2123 | D:3      | Noticed Natasha
  2127 | D:3      | Killed Robin
  2127 | D:3      | Reached XP level 4. HP: 22/23 MP: 5/5
  2130 | D:3      | Killed Natasha
  2604 | D:3      | Noticed Natasha
  2611 | D:3      | Killed Natasha
  2611 | D:3      | Reached skill level 8 in Dodging
  2693 | D:3      | Reached XP level 5. HP: 24/27 MP: 6/6
  2706 | D:3      | Noticed Natasha
  2715 | D:3      | Killed Natasha
  2884 | D:4      | Noticed Sigmund
  2893 | D:4      | HP: 1/40 [Sigmund/magic dart (7)]
  2894 | D:4      | Reached skill level 9 in Dodging
  2899 | D:4      | Killed from afar by Sigmund

Levels and vault maps discovered:
D:1:      eino_arrival_tree_alley, layout_basic
D:2:      layout_loops_corners, nicolae_ru_awakened_eye,
          nicolae_qazlal_eye_of_the_storm, grunt_dithmenos_smoke
D:3:      layout_loops_ring, serial_bayou_pond_a, minmay_distorted, uniq_robin,
          uniq_natasha
D:4:      layout_rooms, uniq_sigmund

Skill      XL: |  1  2  3  4  5 |
---------------+----------------+-----
Dodging        | 5 6 7 8 9 |  9.1
Fighting       | |  2.4
Long Blades    | |  2.4

Action                   |  1- 3 |  4- 6 || total
-------------------------+-------+-------++-------
Melee: Falchion          |   135 |    48 ||   183
 Fire: Hunting sling     |       |     2 ||     2
Throw: Stone             |       |     3 ||     3
Invok: Berserk           |     3 |     3 ||     6
       Trog's Hand       |       |     1 ||     1
 Stab: Sleeping          |     3 |     1 ||     4
  Eat: Ration            |       |     2 ||     2
Armor: Animal skin       |    10 |     1 ||    11
Dodge: Dodged            |   121 |    41 ||   162
       Rpst.: Falchion   |    46 |    10 ||    56

Table legend:
 A = Non-vault XP
 B = Vault XP
 C = Vault XP percentage of total XP
 D = Non-vault monster count
 E = Vault monster count
 F = Vault count percentage of total count
                 A         B        C        D         E       F
            +---------+---------+-------+---------+---------+-------
      Total |     222 |      69 |  23.7 |      49 |      13 |  21.0
            +---------+---------+-------+---------+---------+-------
        D:1 |      45 |       0 |   0.0 |      21 |       0 |   0.0
        D:2 |      42 |       2 |   4.5 |      19 |       1 |   5.0
        D:3 |      92 |      67 |  42.1 |       8 |      12 |  60.0
        D:4 |      43 |       0 |   0.0 |       1 |       0 |   0.0
            +---------+---------+-------+---------+---------+-------
